 Dungeon Crawl Stone Soup version 0.17.0-28-g6e173f8 (webtiles) character file.

480 fredomojojo the Covered (level 6, -3/56 HPs)
             Began as a Minotaur Fighter on Dec 4, 2015.
             Slain by an ogre
             ... wielding a +0 giant club
              (13 damage)
             ... on level 4 of the Dungeon.
             The game lasted 00:25:08 (2774 turns).

fredomojojo the Covered (Minotaur Fighter)          Turns: 2774, Time: 00:25:08

Health: -3/56      AC:  7    Str: 22    XL:     6   Next: 86%
Magic:  5/5        EV:  8    Int:  5    God:
Gold:   168        SH: 10    Dex: 10    Spells: 0 memorised, 5 levels left

rFire  x . .     SeeInvis .     a - +0 long sword
rCold  + . .     Clarity  .     b - +0 scale mail
rNeg   . . .     SustAt   .     c - +0 shield
rPois  .         Gourm    .     (helmet restricted)
rElec  .         Spirit   .     (no cloak)
rCorr  .         Warding  .     (no gloves)
rMut   .         Stasis   .     (no boots)
MR     .....                    (no amulet)
Stlth  ..........               (no ring)
                                l - ring of ice

@: not resistant to hostile enchantments, extremely unstealthy
A: retaliatory headbutt, horns 2
a: no special abilities


You were on level 4 of the Dungeon.
You were not hungry.

You visited 1 branch of the dungeon, and saw 4 of its levels.

You collected 168 gold pieces.

Inventory:

Hand Weapons
 a - a +0 long sword (weapon)
 w - a +1 hunting sling of freezing
 x - a +0 hand axe
 y - a +2 trident of piercing
Missiles
 f - 158 stones (quivered)
Armour
 b - a +0 scale mail (worn)
 c - a +0 shield (worn)
 A - a +2 cloak
Jewellery
 l - a ring of ice (left hand)
Wands
 u - a wand of frost (19)
Scrolls
 h - a scroll of immolation {unknown}
 i - 2 scrolls of noise {unknown}
 j - 3 scrolls of remove curse {unknown}
 k - a scroll of fog {unknown}
 m - a scroll of magic mapping {unknown}
 s - 4 scrolls of identify {unknown}
 v - a scroll of teleportation {unknown}
 B - 3 scrolls of recharging {unknown}
Potions
 d - a potion of might
 n - a potion of invisibility {unknown}
 o - a potion of haste {unknown}
 p - 4 potions of curing {unknown}
 q - 2 potions of cancellation {unknown}
 t - a potion of heal wounds {unknown}
Comestibles
 e - a bread ration
 g - 3 meat rations
 r - 3 fruits
 z - 5 chunks of flesh


   Skills:
 + Level 5.2 Fighting
 + Level 4.3 Long Blades
 + Level 1.3 Throwing
 + Level 5.6 Armour
 + Level 2.2 Dodging
 + Level 0.3 Stealth
 + Level 5.2 Shields


You had 5 spell levels left.
You didn't know any spells.

Dungeon Overview and Level Annotations

Branches:
Dungeon (4/15)
 Temple: D:4-7

Altars:
Elyvilon
Fedhas
Makhleb
Vehumet
Zin

Annotations:
D:3 exclusion: oklob plant


Innate Abilities, Weirdness & Mutations

You reflexively headbutt those who attack you in melee.
You have a pair of horns on your head.


Message History

Press: ? - help, Shift-Dir - straight line, f/p - ogre
Aim: an ogre, wielding a giant club You throw a stone.
The stone closely misses the ogre.
Throwing (i - inventory):
f - 159 stones (quivered)
Press: ? - help, Shift-Dir - straight line, f/p - ogre
Aim: an ogre, wielding a giant club You throw a stone.
The stone barely misses the ogre.
You hit the ogre but do no damage. The ogre hits you with a giant club!!
You hit the ogre. Your headbutt misses the ogre.
The ogre is lightly wounded.
The ogre hits you with a giant club!
* * * LOW HITPOINT WARNING * * *
You hit the ogre.
The ogre is moderately wounded.
The ogre hits you with a giant club.
* * * LOW HITPOINT WARNING * * *
You hit the ogre.
The ogre is moderately wounded.
The ogre hits you with a giant club!
You die...

####..... ##+#####
........# ###...((.
........+ .......
>......# .....
.....# h.. #...# #O#
#...########@######
#..................#
#....###...#.#####.#
#....# #.#.#.# ... #
## #....# #.#.#.#
#.# #.###### .#
#....# ....... #.#
#.......
.####....#.#.#.#.#
#.# #....
....####.#.#.#.#.#
#.######.### ....#
#.#.#.#.#.###
#.##.......#


You could see an ogre and a hound (wandering).

Vanquished Creatures
  The ghost of AAAAA the Chopper, an amateur DsGl (D:4)
  A phantom (D:4)
  An orc wizard (D:3)
  Jessica (D:2)
  Natasha (D:4)
  Robin (D:4)
  6 adders (D:2)
  3 gnolls
  An ooze (D:2)
  3 worms
  4 orcs (D:3)
  8 bats
  A giant cockroach (D:2)
  12 goblins
  10 hobgoblins
  2 quokkas
  3 ball pythons
  2 giant newts
  5 jackals
  A jackal skeleton (D:4)
  14 kobolds
  6 rats
  A plant (D:3)
88 creatures vanquished.

Vanquished Creatures (others)
  A fungus (D:3)
  15 toadstools (D:3)
16 creatures vanquished.

Grand Total: 104 creatures vanquished

Notes
Turn   | Place    | Note
--------------------------------------------------------------
     0 | D:1      | fredomojojo the Minotaur Fighter began the quest for the Orb.
     0 | D:1      | Reached XP level 1. HP: 19/19 MP: 0/0
   122 | D:1      | Reached skill level 4 in Armour
   187 | D:1      | Reached XP level 2. HP: 22/27 MP: 1/1
   469 | D:2      | Reached XP level 3. HP: 26/33 MP: 2/2
   547 | D:2      | Noticed Jessica
   556 | D:2      | Killed Jessica
   556 | D:2      | Reached XP level 4. HP: 37/40 MP: 3/3
  1086 | D:2      | Found a white marble altar of Elyvilon.
  1106 | D:2      | Reached skill level 5 in Armour
  1117 | D:2      | Reached XP level 5. HP: 17/46 MP: 4/4
  1452 | D:3      | Found a radiant altar of Vehumet.
  1558 | D:3      | Reached skill level 1 in Dodging
  1704 | D:3      | Found a blossoming altar of Fedhas.
  1715 | D:3      | Noticed an oklob plant
  2009 | D:3      | Found a burning altar of Makhleb.
  2014 | D:3      | Found a glowing silver altar of Zin.
  2016 | D:3      | Noticed an angel
  2016 | D:3      | Noticed a green death
  2139 | D:4      | Noticed a phantom
  2185 | D:4      | Killed a phantom
  2185 | D:4      | Reached skill level 5 in Fighting
  2185 | D:4      | Reached skill level 5 in Shields
  2185 | D:4      | Reached XP level 6. HP: 52/56 MP: 5/5
  2314 | D:4      | Noticed AAAAA's ghost (amateur DsGl)
  2322 | D:4      | Killed AAAAA's ghost
  2322 | D:4      | Reached skill level 1 in Throwing
  2574 | D:4      | Noticed Robin
  2596 | D:4      | Killed Robin
  2747 | D:4      | Noticed Natasha
  2751 | D:4      | Killed Natasha
  2767 | D:4      | Noticed an ogre
  2774 | D:4      | Slain by an ogre

Action                   |  1- 3 |  4- 6 || total
-------------------------+-------+-------++-------
Melee: Long sword        |    58 |   192 ||   250
Throw: Stone             |     1 |    27 ||    28
  Use: Potion            |       |     1 ||     1
  Eat: Chunk             |       |     3 ||     3
       Bread ration      |       |     1 ||     1
